 Dungeon Sprint DCSS version 0.26-a0-854-gdc81c2f471 (webtiles) character file.

Game seed: 12443564218722552136

244 Conn the Arsonist (level 6, -1/34 HPs)
             Began as an Octopode Fire Elementalist on Nov 23, 2020.
             Slain by a neqoxec (10 damage)
             ... in the Dungeon (Sprint II: "The Violet Keep of Menkaure").
             The game lasted 00:01:17 (34 turns).

Conn the Arsonist (Octopode Fire Elementalist)        Turns: 34, Time: 00:01:17

Health: -1/34      AC:  1    Str:  8    XL:     6   Next: 10%
Magic:  5/12       EV: 15    Int: 18    God:
Gold:   0          SH:  0    Dex: 13    Spells: 13/14 levels left

rFire    . . .     SeeInvis .     - Unarmed
rCold    . . .     Faith    .   (no shield)
rNeg     . . .     Spirit   .   (helmet restricted)
rPois    .         Reflect  .   (no amulet)
rElec    .         Harm     .   (no ring)
rCorr    .         Rampage  .   (no ring)
MR       .....     NoTele   +   (no ring)
Stlth    ++++......             (no ring)
HPRegen  0.11/turn              (no ring)
MPRegen  0.13/turn              (no ring)
                                (no ring)
                                (no ring)

@: berserk cooldown, hasted and slowed
A: almost no armour, stealthy swim, amphibious, 8 rings, constrict 8, camouflage
1, deterioration 1, frail 1, gelatinous body 1
a: no special abilities


You were in the Dungeon.
You visited 1 branch

Inventory:

Scrolls
 g - a scroll of blinking
Potions
 b - a potion of curing
 e - 2 potions of magic


   Skills:
 + Level 1.0 Fighting
 + Level 4.6 Dodging
 + Level 5.3 Stealth
 * Level 5.2 Unarmed Combat
 + Level 4.6 Spellcasting
 + Level 1.7 Conjurations
 + Level 8.4 Fire Magic


You had 13 spell levels left.
You knew the following spells:

 Your Spells              Type           Power        Failure   Level
a - Foxfire               Conj/Fire      ###.         1%          1

Your spell library contained the following spells:

 Spells                   Type           Power        Failure   Level
 Conjure Flame            Conj/Fire      ###.....     5%          3
 Inner Flame              Hex/Fire       ###.....     8%          3
 Sticky Flame             Conj/Fire      ###.....     17%         4
 Fireball                 Conj/Fire      ###.......   43%         5


Dungeon Overview and Level Annotations

Branches:
Dungeon (1/1)

Altars:


Innate Abilities, Weirdness & Mutations

You cannot wear most types of armour.
You are very stealthy in the water. (Stealth+)
You are amphibious.
You can wear up to eight rings at the same time.
You can use your tentacles to constrict eight enemies at once.
Your skin changes colour to match your surroundings (Stealth+).
Your rubbery body absorbs attacks. (AC +1, EV +1)
Your body sometimes deteriorates upon taking damage.
You are frail. (-10% HP)


Message History

You closely miss the neqoxec. You grab the neqoxec.
You constrict the neqoxec, but do no damage.
The neqoxec hits you.
You tentacle-slap the neqoxec.
The neqoxec is lightly wounded.
You constrict the neqoxec. The neqoxec hits you!
* * * LOW HITPOINT WARNING * * *
You feel much better.
You constrict the neqoxec. The neqoxec hits you!
You tentacle-slap the neqoxec. You squeeze the neqoxec.
The neqoxec is moderately wounded.
You constrict the neqoxec, but do no damage.
The neqoxec closely misses you.
You tentacle-slap the neqoxec. You squeeze the neqoxec.
The neqoxec is heavily wounded.
You constrict the neqoxec. The neqoxec hits you!
* * * LOW HITPOINT WARNING * * *
You tentacle-slap the neqoxec.
The neqoxec is severely wounded.
You constrict the neqoxec. The neqoxec hits you!
You die...

# ##. #+#
#.B$##.##
#+.<.+
#.B.##.##
##. #'##
# ##@##
##3#
#53.##
##5# ≈§§
+++


You could see a neqoxec.

Vanquished Creatures
  2 neqoxecs (D)
2 creatures vanquished.

Notes
Turn   | Place    | Note
-------+----------+-------------------------------------------
     0 | D        | Conn the Octopode Fire Elementalist began the quest for the
                  | Orb.
     0 | D        | Reached XP level 1. HP: 11/11 MP: 3/3
     1 | D        | Noticed a boulder beetle
     1 | D        | Noticed a boulder beetle
     4 | D        | Noticed a neqoxec
    11 | D        | Gained mutation: You are frail. (-10% HP) [a neqoxec]
    17 | D        | Killed a neqoxec
    18 | D        | Reached skill level 6 in Fire Magic
    18 | D        | Reached XP level 2. HP: 14/16 MP: 3/6
    18 | D        | Reached XP level 3. HP: 16/19 MP: 4/8
    18 | D        | Reached XP level 4. HP: 21/24 MP: 4/9
    18 | D        | Reached XP level 5. HP: 24/28 MP: 4/10
    19 | D        | Noticed a neqoxec
    19 | D        | Noticed a neqoxec
    19 | D        | Noticed a neqoxec
    23 | D        | Gained mutation: Your body sometimes deteriorates upon
                  | taking damage. [a neqoxec]
    25 | D        | Killed a neqoxec
    26 | D        | Reached skill level 1 in Fighting
    26 | D        | Reached skill level 5 in Stealth
    26 | D        | Reached skill level 5 in Unarmed Combat
    26 | D        | Reached skill level 8 in Fire Magic
    26 | D        | Reached XP level 6. HP: 20/34 MP: 4/12
    34 | D        | Slain by a neqoxec

Illustrated notes

Levels and vault maps discovered:
D:        the_violet_keep_of_menkaure [sprint2_stairs_cluster_1,
          sprint2_shoproom, sprint2_temple, sprint2_basic_supplies,
          sprint2_obstacle_6, sprint2_obstacle_3, sprint2_obstacle_2,
          sprint2_obstacle_5, sprint2_obstacle_1, sprint2_timed_cluster_1,
          sprint2_smallroom_cluster_1, sprint2_smallroom_final_cluster_1,
          sprint2_transparent_cluster_1, sprint2_second_timed_cluster_1,
          sprint2_sniper_area_1, sprint2_heavy_combat_area_1,
          sprint2_mutation_trap_area_1, sprint2_forest_area_1,
          sprint2_light_combat_area_1, sprint2_behind_water_1,
          sprint2_near_end_vault_1]

Skill      XL: |  1  2  3  4  5 |
---------------+----------------+-----
Dodging        | 3 4 |  4.6
Stealth        | 4 5 |  5.3
Unarmed Combat | 3 5 |  5.2
Spellcasting   | 3 4 |  4.6
Fire Magic     | 6 8 |  8.4
Fighting       | 1 |  1.0
Conjurations   | |  1.7

Action                   |  1- 3 |  4- 6 || total
-------------------------+-------+-------++-------
Melee: Unarmed           |    10 |    11 ||    21
       Constrict         |     1 |     2 ||     3
       Tentacles         |       |     4 ||     4
  Use: Potion            |     2 |     1 ||     3
Dodge: Dodged            |     3 |     3 ||     6

Table legend: (Time is in decaauts)
 A = Elapsed time spent in this place.
 B = Non-inter-level travel time spent in this place.
 C = Inter-level travel time spent in this place.
 D = Time resting spent in this place.
 E = Time spent auto-exploring this place.
 F = Levels seen in this place.
 G = Mean time per level.
                   A        B        C        D        E       F      G
               +--------+--------+--------+--------+--------+-----+--------+
         Total |     28 |     28 |      0 |      0 |      0 |   1 |   28.0 |
       Dungeon |     28 |     28 |      0 |      0 |      0 |   1 |   28.0 |
               +--------+--------+--------+--------+--------+-----+--------+

Top non-repeatable levels by time:
       D: 28 daAuts
